 Dungeon Crawl Stone Soup version 0.27.0-1-g7a089689b8 (webtiles) character file.

Game seed: 14431531339388845594

2809 theswoord the Cleaver (level 9, -2/61 HPs)
             Began as a Demonspawn Gladiator on Aug 8, 2021.
             Was a Follower of Wu Jian.
             Slain by Maggie (14 damage)
             ... on level 7 of the Dungeon.
             The game lasted 00:11:58 (7991 turns).

theswoord the Cleaver (Demonspawn Gladiator)        Turns: 7991, Time: 00:11:58

Health: -2/61      AC: 15    Str: 14    XL:     9   Next: 44%
Magic:  9/9        EV:  4    Int: 11    God:    Wu Jian [*.....]
Gold:   43         SH:  0    Dex: 17    Spells: 8/8 levels left

rFire    . . .     SeeInvis .   q - +0 war axe (vorpal)
rCold    . . .     Faith    .   (no shield)
rNeg     . . .     Spirit   .   j - +0 plate armour
rPois    .         Reflect  .   (helmet restricted)
rElec    .         Harm     .   f - +2 cloak
rCorr    .         Rampage  .   (no gloves)
Will     .....                  (no boots)
Stlth    ..........             (no amulet)
HPRegen  0.20/turn              (no ring)
MPRegen  0.11/turn              (no ring)

@: lethally poisoned (-2 -> -5), mesmerised
A: horns 1, molten scales 1, foul stench 1, spiny 1
a: Renounce Religion


You were on level 7 of the Dungeon.
You worshipped Wu Jian.
Wu Jian was aware of your devotion.
You visited 2 branches of the dungeon, and saw 8 of its levels.

You collected 242 gold pieces.
You spent 199 gold pieces at shops.

Inventory:

Hand Weapons
 a - a +1 war axe
 e - a +2 hand axe of freezing
 q - a +0 vorpal war axe (weapon)
Missiles
 d - 3 throwing nets
 h - 3 boomerangs
 r - 7 curare-tipped darts (quivered)
Armour
 b - a +0 leather armour
 c - a +1 helmet
 f - a +2 cloak (worn)
 i - the +4 Cigotuvi's embrace {rMiasma Drain rN+}
   (You found it on level 6 of the Dungeon)

   It gathers nearby corpses to temporarily increase the armour it provides.
   It protects you from foul pestilence.
   rN:        It protects you from negative energy.
   Drain:     It drains your maximum health when unequipped.
 j - a +0 plate armour (worn)
 p - the +2 pair of boots of Haviu {rC- MP+9 Dex+7}
   (You bought it in a shop on level 7 of the Dungeon)

   Dex:       It affects your dexterity (+7).
   rC:        It makes you vulnerable to cold.
   MP:        It affects your magic capacity (+9).
Jewellery
 u - a ring of resist corrosion
Wands
 l - a wand of charming (6)
Scrolls
 k - 2 scrolls of teleportation
 m - 2 scrolls of immolation
 v - a scroll of identify
Potions
 g - a potion of attraction
 n - a potion of might
 o - a potion of resistance
 s - a potion of flight
 t - 2 potions of heal wounds {unknown}


   Skills:
 - Level 2.0 Fighting
 + Level 12.0 Axes
 - Level 1.7 Throwing
 - Level 2.6 Dodging


You had 8 spell levels left.
You didn't know any spells.
Your spell library contained the following spells:

 Spells                   Type           Power      Damage    Failure   Level
 Foxfire                  Conj/Fire      0%         2x1d4     100%        1
 Freeze                   Ice            0%         1d3       100%        1


Dungeon Overview and Level Annotations

Branches:
Dungeon (7/15)             Temple (1/1) D:6

Altars:
Elyvilon
Okawaru
Sif Muna
Trog
Uskayaw
Wu Jian
Yredelemnul
Zin

Shops:
D:7 *

Annotations:
D:7 Maggie


Innate Abilities, Weirdness & Mutations

You have a pair of small horns on your head.
You are partially covered in molten scales. (AC +2)
You may rarely emit foul miasma when damaged in melee.
You are partially covered in sharp spines.


Message History

The centaur zombie is struck by your spines.
The centaur zombie hits you.
* * * LOW HITPOINT WARNING * * *
The centaur zombie kicks you but does no damage.
You closely miss the hound.
The hound is almost dead.
You slash the centaur zombie!
You feel sick. The hound is struck by your spines.
The hound bites you but does no damage.
The centaur zombie is struck by your spines.
The centaur zombie closely misses you.
The centaur zombie kicks you but does no damage.
The hound bites you but does no damage.
You barely miss Maggie. You headbutt Maggie, but do no damage.
You hit the centaur zombie.
Your plate armour prevents you from hitting the hound.
You feel sick.
The centaur zombie is struck by your spines.
The centaur zombie hits you but does no damage.
The centaur zombie kicks you but does no damage.
Maggie hits you with a +1 scimitar of flaming!
* * * LOW HITPOINT WARNING * * *
Maggie burns you.
* * * LOW HITPOINT WARNING * * *
The hound is struck by your spines.
You kill the hound!
The Council accepts your kill.
The howler monkey hoots and howls with incredible vigour!
The centaur zombie is struck by your spines.
You destroy the centaur zombie!
The Council accepts your kill.
You hear two shouts!
You hear a shout! x4
Your Axes skill increases to level 12!
You barely miss Maggie.
You feel sick. Maggie is struck by your spines.
Maggie hits you but does no damage.
You hit Maggie but do no damage.
Maggie is lightly wounded.
You hit the howler monkey but do no damage.
Maggie is struck by your spines.
Maggie hits you with a +1 scimitar of flaming!
You die...

#. #.##.........................
#.##.##.....#.####.............#
#....##.....#.# #.............+
#...........#.####.............#
#...###.....#.#................#
#...# #.......8.<.∩.>.8.........
#...####....#.#.......######.###
#......................# .#
###.....#.#.....@......# #
#.'.....'.....#h@......#
#.#.....#.##..##.#.#+#.#
#.#.....#.##....O..# .#
#.##....#.##...#.#.# # #
#.##....#.##.......#.#
#.##....#.###..#.....###
#'#.............g.......
......###.#..........###


You could see Maggie (mesmerising), an ogre, a howler monkey (catching breath)
and a gnoll.

Vanquished Creatures
  Sigmund (D:4)
  Edmund (D:4)
  3 water moccasins
  Duvessa (D:5)
  An orc warrior (D:6)
  2 ice beasts (D:5)
  3 black bears
  4 ogres
  3 scorpions
  Dowan (D:5)
  A water moccasin zombie (D:5)
  3 howler monkeys
  A centaur zombie (D:7)
  2 orc priests
  5 hounds
  A centaur skeleton (D:4)
  A bullfrog skeleton (D:4)
  Ijyb (D:4)
  3 iguanas
  3 orc wizards
  Robin (D:3)
  7 gnolls
  9 adders
  A river rat (D:3)
  A howler monkey skeleton (D:6)
  2 shadow imps
  A white imp (D:7)
  An ufetubus (D:5)
  An adder skeleton (D:4)
  A worm (D:4)
  3 dart slugs
  20 orcs
  11 ball pythons
  6 endoplasms
  2 giant cockroaches (D:4)
  11 hobgoblins
  9 jackals
  3 quokkas
  4 bats
  2 frilled lizards
  26 goblins
  5 kobolds
  11 rats
179 creatures vanquished.

Notes
Turn   | Place    | Note
-------+----------+-------------------------------------------
     0 | D:1      | theswoord the Demonspawn Gladiator began the quest for the
                  | Orb.
     0 | D:1      | Reached XP level 1. HP: 16/16 MP: 1/1
    19 | D:1      | Reached skill level 3 in Axes
   205 | D:1      | Gained mutation: You are partially covered in sharp spines.
                  | [demonic ancestry]
   205 | D:1      | Reached XP level 2. HP: 21/22 MP: 2/2
   230 | D:1      | Found a faded altar of an unknown god.
   711 | D:2      | Reached XP level 3. HP: 27/27 MP: 3/3
   728 | D:2      | Reached skill level 4 in Axes
   946 | D:2      | Reached XP level 4. HP: 33/33 MP: 4/4
  1265 | D:3      | Reached skill level 5 in Axes
  1653 | D:3      | Reached XP level 5. HP: 38/38 MP: 5/5
  1812 | D:3      | Noticed Robin
  1838 | D:3      | Killed Robin
  2403 | D:3      | Reached skill level 6 in Axes
  2686 | D:4      | Found a hide-covered altar of Uskayaw.
  2819 | D:4      | Noticed a black bear
  2827 | D:4      | Killed a black bear
  2828 | D:4      | Reached XP level 6. HP: 32/44 MP: 6/6
  2841 | D:4      | Reached skill level 7 in Axes
  3133 | D:4      | Noticed Edmund
  3147 | D:4      | Killed Edmund
  3148 | D:4      | Gained mutation: You may rarely emit foul miasma when
                  | damaged in melee. [demonic ancestry]
  3148 | D:4      | Reached XP level 7. HP: 3/41 MP: 7/7
  3268 | D:4      | Noticed Sigmund
  3708 | D:4      | Found a basalt altar of Yredelemnul.
  3807 | D:4      | Killed Sigmund
  3808 | D:4      | Reached skill level 8 in Axes
  3898 | D:4      | Found an iron altar of Okawaru.
  3953 | D:4      | Noticed Ijyb
  3968 | D:4      | Killed Ijyb
  4348 | D:5      | Entered Level 5 of the Dungeon
  4405 | D:5      | Reached skill level 9 in Axes
  4405 | D:5      | Gained mutation: You are partially covered in molten
                  | scales. (AC +2) [demonic ancestry]
  4405 | D:5      | Reached XP level 8. HP: 24/56 MP: 8/8
  4796 | D:5      | Found a bloodstained altar of Trog.
  4797 | D:5      | Noticed Duvessa
  4807 | D:5      | Killed Duvessa
  4943 | D:5      | Noticed Dowan
  4948 | D:5      | Killed Dowan
  4949 | D:5      | Reached skill level 10 in Axes
  5164 | D:5      | Found a shimmering blue altar of Sif Muna.
  5168 | D:5      | Got Sif Muna's Tome of Ice and the Arsonist
  5428 | D:5      | Found an ornate altar of the Wu Jian Council.
  5454 | D:5      | Became a worshipper of the Wu Jian Council
  5741 | D:6      | Found a staircase to the Ecumenical Temple.
  5742 | D:6      | Found the +4 Cigotuvi's embrace {rMiasma Drain rN+}
  5754 | Temple   | Entered the Ecumenical Temple
  5867 | D:6      | HP: 2/56 [orc warrior (1)]
  6441 | D:6      | Reached skill level 11 in Axes
  6441 | D:6      | Gained mutation: You have a pair of small horns on your
                  | head. [demonic ancestry]
  6441 | D:6      | Reached XP level 9. HP: 16/61 MP: 9/9
  7077 | D:6      | Identified the +12 great mace "Acarineslayer" {holy, rElec
                  | rCorr SInv}
  7472 | D:7      | Found Ven Ceop's Assorted Antiques.
  7475 | D:7      | Bought a pair of transparent boots for 199 gold pieces
  7475 | D:7      | Identified the +2 pair of boots of Haviu {rC- MP+9 Dex+7}
                  | (You bought it in a shop on level 7 of the Dungeon)
  7976 | D:7      | Noticed Maggie
  7987 | D:7      | Reached * piety under Wu Jian
  7990 | D:7      | Reached skill level 12 in Axes
  7991 | D:7      | Slain by Maggie

Skill      XL: |  1  2  3  4  5  6  7  8  9 |
---------------+----------------------------+-----
Axes           | 3 4 5 6 7 9 11 12 | 12.0
Fighting       | |  2.0
Throwing       | |  1.7
Dodging        | |  2.6

Action                   |  1- 3 |  4- 6 |  7- 9 || total
-------------------------+-------+-------+-------++-------
Melee: War axe           |    68 |   127 |   213 ||   408
       Headbutt          |       |       |    15 ||    15
Throw: Boomerang         |       |     3 |    19 ||    22
Invok: Lunge             |       |       |    10 ||    10
  Use: Scroll            |     4 |     5 |     6 ||    15
       Potion            |       |     3 |     1 ||     4
Armor: Leather armour    |    26 |       |       ||    26
       Plate armour      |       |   122 |   137 ||   259
Dodge: Dodged            |    47 |    24 |    41 ||   112

Levels and vault maps discovered:
D:1:      minmay_arrival_semitransparent, layout_rooms, basic_ecumenical_altar
D:2:      layout_rooms, feat_on_display
D:3:      layout_basic, cheibrodos_sewer_entry_sluice, due_unseen_surprise,
          uniq_robin
D:4:      layout_gridville, kennysheep_ying_yang,
          eat_drink_and_be_merry_uskayaw, okawaru_trees_1,
          mainiacjoe_overflow_tiny_flanked, minmay_misc_feat_columns,
          nrook_uturn, uniq_edmund, uniq_sigmund, uniq_ijyb
D:5:      layout_cave_pools, nzn_overflow_gifts_of_might_and_magic,
          nicolae_wu_jian_wuxing_cycle, serial_column_ruins, column_ruins_hut,
          column_ruins_square_large, column_ruins_columns_T,
          column_ruins_columns_straight, column_ruins_columns_corner,
          column_ruins_open_tiny, column_ruins_open_medium,
          column_ruins_open_medium, dk_vineyard_2
D:6:      layout_loops_cross, minmay_temple_entry_large_hall,
          minmay_ogre_servants
D:7:      lemuel_castle_with_subvaults [lemuel_castle_interior_original],
          layout_basic, serial_shops, nicolae_shop_stone, nicolae_stop_n_shop_2,
          nicolae_shop_stone, chequers_serial_rivers_room_a, uniq_duvessa,
          uniq_maggie
Temple:   grunt_temple_mini_profane
